General information
- name: BNet
- type: Ladder 1vs1/FFA
- host: Battle.net
- saver: WishfulThinking
map: TwistedMeadows
- players: 2
- length: 23:15
- speed: Fast
- version: 1.23 W3XP
- replay type: Public
» download(87 KB)
Players
team 1 (winner)
WishfulThinking (
teal | 128 APM | 2970 actions | 23:15)
6 Warden
3 Shadow Strike
2 Blink
1 Spirit of Vengeance
6 Pandaren Brewmaster
3 Breath of Fire
1 Drunken Haze
1 Drunken Brawler
1 Storm Earth and Fire
3 Goblin Alchemist
2 Acid Bomb
1 Chemical Rage
» actions
| Assign group hotkey | 32 | |
| Basic commands | 161 | |
| Build / train | 94 | |
| ESC pressed | 2 | |
| Enter build submenu | 20 | |
| Enter hero's abilities submenu | 15 | |
| Give item / drop item | 5 | |
| Right click | 1205 | |
| Select / deselect | 273 | |
| Select group hotkey | 1024 | |
| Use ability | 139 | |
2970 total
» units
| Wisp | 31 | |
| Archer | 5 | |
| Dryad | 14 | |
| Druid of the Claw | 3 | |
53 total
» upgrades
| Abolish Magic | 1 | |
| Druid of the Claw Training | 2 | |
| Ultravision | 1 | |
| Strength of the Wild | 2 | |
| Well Spring | 1 | |
| Nature's Blessing | 1 | |
| Reinforced Hides | 1 | |
9 total
» buildings
| Altar of Elders | 1 | |
| Moon Well | 7 | |
| Ancient of War | 2 | |
| Tree of Ages | 1 | |
| Hunter's Hall | 1 | |
| Ancient of Wonders | 2 | |
| Ancient Protector | 3 | |
| Ancient of Lore | 3 | |
| Tree of Eternity | 1 | |
| Tree of Life | 1 | |
22 total
» build order
00:04 Altar of Elders
00:21 Moon Well
00:44 Ancient of War
01:38 Moon Well
02:05 Moon Well
03:12 Tree of Ages
03:54 Hunter's Hall
03:57 Ancient of War
04:05 Ancient of Wonders
05:01 Ancient Protector
05:47 Ancient of Lore
05:51 Ancient of Lore
06:00 Ancient of Lore
06:19 Moon Well
08:12 Tree of Eternity
09:53 Moon Well
10:29 Tree of Life
14:50 Ancient Protector
14:52 Moon Well
15:45 Ancient Protector
16:26 Moon Well
16:29 Ancient of Wonders
» items
| Boots of Speed | 1 | |
| Staff of Preservation | 2 | |
| Potion of Healing | 3 | |
| Orb of Venom | 1 | |
| Moonstone | 1 | |
| Scroll of Town Portal | 1 | |
9 total
team 2 (loser)
Taipan (
red | 77 APM | 1784 actions | 23:14)
4 Dreadlord
2 Sleep
2 Vampiric Aura
1 Death Knight
1 Death Coil
1 Lich
1 Frost Nova
» actions
| Assign group hotkey | 36 | |
| Basic commands | 108 | |
| Build / train | 85 | |
| Enter build submenu | 26 | |
| Enter hero's abilities submenu | 6 | |
| Give item / drop item | 6 | |
| Remove unit from queue | 3 | |
| Right click | 719 | |
| Select / deselect | 463 | |
| Select group hotkey | 227 | |
| Use ability | 105 | |
1784 total
» units
| Acolyte | 20 | |
| Ghoul | 16 | |
| Gargoyle | 4 | |
| Frost Wyrm | 2 | |
| Abomination | 2 | |
| Obsidian Statue | 1 | |
| Meatwagon | 1 | |
46 total
» upgrades
| Cannibalize | 1 | |
| Creature Attack | 2 | |
| Creature Carapace | 1 | |
| Stone Form | 1 | |
| Ghoul Frenzy | 1 | |
| Unholy Strength | 1 | |
| Disease Cloud | 1 | |
8 total
» buildings
| Altar of Darkness | 2 | |
| Ziggurat | 8 | |
| Crypt | 4 | |
| Tomb of Relics | 1 | |
| Nerubian Tower | 1 | |
| Graveyard | 2 | |
| Necropolis | 1 | |
| Spirit Tower | 2 | |
| Halls of the Dead | 1 | |
| Sacrificial Pit | 1 | |
| Black Citadel | 1 | |
| Boneyard | 1 | |
| Slaughterhouse | 2 | |
27 total
» build order
00:05 Altar of Darkness
00:08 Ziggurat
00:35 Crypt
01:09 Tomb of Relics
01:21 Nerubian Tower
01:51 Ziggurat
02:26 Ziggurat
02:54 Crypt
05:29 Graveyard
05:31 Graveyard
05:39 Ziggurat
06:31 Necropolis
07:51 Ziggurat
07:52 Ziggurat
07:56 Ziggurat
08:51 Spirit Tower
09:25 Halls of the Dead
09:41 Crypt
09:44 Crypt
10:10 Ziggurat
11:56 Sacrificial Pit
11:58 Black Citadel
14:45 Boneyard
15:26 Slaughterhouse
15:27 Slaughterhouse
17:02 Spirit Tower
18:42 Altar of Darkness
» items
| Rod of Necromancy | 4 | |
| Dust of Appearance | 2 | |
| Scroll of Town Portal | 1 | |
| Potion of Lesser Invulnerability | 1 | |
| Scroll of Healing | 2 | |
| Scroll of Protection | 2 | |
| Orb of Corruption | 1 | |
| Potion of Healing | 2 | |
15 total
Chat log
(00:15 / All) Taipan: Gl hf
(00:18 / All) WishfulThinking: gl
(22:49 / All) Taipan: Gg
(22:55 / All) WishfulThinking: gg
(23:02 / All) Taipan: masss garg was about the dumbest idea vs that
(23:02 / All) Taipan: :P